cohdb
Replays
Latest Replays
All Replays
Popular Replays
Top Player Replays
Match Explorer
How It Works
Community
CoH3 Stats
Reddit
Sign in to upload your games and track your stats! →
Sign in with Steam
Match 43852824
Unlisted
Match 43852824
Overview
Messages
Build Orders
End
Construct Section Command Post
Vickers Machine Gun Team
Infantry Section
Infantry Section
Selects Air and Sea Battlegroup
Selects Commando Section Paradrop
Selects M1 Pack Howitzer Paradrop
Commando Section Paradrop
Infantry Section
Construct Platoon Command Post
Construct Company Command Post
Commando Section Paradrop
6-pounder Anti-tank Gun Team
Crusader II Medium Tank
Grenade Package
dondidit
Arturokq
Wup4
Texxy
0
0
Comments
sign in to comment!
No comments posted yet!